 Dungeon Crawl Stone Soup version 0.30-a0-7-g94fe547ab8 (webtiles) character file.

Game seed: 12029660341269831241

130 Plasmagod the Poker (level 5, -3/38 HPs)
             Began as a Merfolk Gladiator on Aug 23, 2022.
             Killed by nerve-wracking pain
             ... invoked by an orc priest
              (12 damage)
             ... on level 3 of the Dungeon.
             The game lasted 00:03:08 (2050 turns).

Plasmagod the Poker (Merfolk Gladiator)             Turns: 2050, Time: 00:03:08

Health: -3/38      AC: 12    Str: 17    XL:     5   Next: 14%
Magic:  5/5        EV:  8    Int:  7    God:
Gold:   111        SH:  0    Dex: 15    Spells: 4/4 levels left

rFire   + . .      SeeInvis .    a - +0 trident
rCold   . . .      Faith    .    (no shield)
rNeg    . . .      Spirit   .    o - +0 chain mail
rPois   .          Reflect  .    n - +2 hat
rElec   .          Harm     .    g - +0 cloak
rCorr   .          Rampage  .    i - +0 pair of gloves
Will    .....                    (no boots)
Stlth   ..........               (no amulet)
HPRegen 0.12/turn                r - ring of protection from fire
MPRegen 0.09/turn                (no ring)

@: no status effects
A: (nimble swimmer 2), mertail
a: no special abilities


You were on level 3 of the Dungeon.
You visited 1 branch of the dungeon, and saw 3 of its levels.

You collected 111 gold pieces.

Inventory:

Hand Weapons
 a - a +0 trident (weapon)
Missiles
 d - 3 throwing nets (quivered)
 e - a javelin
Armour
 c - a +0 helmet
 g - a +0 cloak (worn)
 i - a +0 pair of gloves (worn)
 n - a +2 hat (worn)
 o - a +0 chain mail (worn)
Jewellery
 j - a ring of fire
 k - an amulet of magic regeneration
 r - a ring of protection from fire (left hand)
Scrolls
 f - a scroll of vulnerability {unknown}
 l - a scroll of teleportation {unknown}
 p - a scroll of poison {unknown}
 q - a scroll of brand weapon {unknown}
Potions
 h - a potion of curing {unknown}
 m - a potion of attraction {unknown}


   Skills:
 - Level 2.1 Fighting
 + Level 7.5 Polearms
 - Level 2.0 Throwing
 - Level 4.0 Dodging


You had 4 spell levels left.
You didn't know any spells.
Your spell library was empty.

Dungeon Overview and Level Annotations

Branches:
Dungeon (3/15)

Altars:

Shops:
D:2 (


Innate Abilities, Weirdness & Mutations

((You are very nimble when in or above water. (Stealth+, EV+, Speed+++)))
Your lower body shifts to a powerful aquatic tail in water.


Message History

The giant cockroach bites you but does no damage.
The orc hits you but does no damage. x2
The orc priest mumbles some strange prayers to Beogh against you.
Beogh smites you!
The giant cockroach bites you but does no damage.
You are too injured to fight recklessly!
You are too injured to fight recklessly!
You are too injured to fight recklessly!
You are too injured to fight recklessly!
You are too injured to fight recklessly!
You are too injured to fight recklessly!
You are too injured to fight recklessly!
You are too injured to fight recklessly!
You are too injured to fight recklessly!
You are too injured to fight recklessly!
You are too injured to fight recklessly!
You are too injured to fight recklessly!
You barely miss the orc priest.
The orc priest is moderately wounded.
The orc hits you but does no damage. The orc barely misses you.
The orc priest hits you but does no damage.
The giant cockroach bites you but does no damage.
You hit the orc priest but do no damage.
The orc priest is moderately wounded.
The orc closely misses you. The orc hits you but does no damage.
The orc priest barely misses you.
The giant cockroach bites you but does no damage.
You hit the orc priest.
The orc priest is severely wounded.
The orc closely misses you. The orc hits you but does no damage.
The orc priest hits you but does no damage.
The giant cockroach bites you.
You hit the orc priest.
The orc priest is almost dead.
The orc hits you with a +0 falchion.
* * * LOW HITPOINT WARNING * * *
The orc misses you.
The orc priest invokes the aid of Beogh against you.
Pain shoots through your body!
You die...

.##...# .##...# .#
###...# .#
†.#...### .#
#.......# .#
#.......# .#
#.......# #####'##
#.......# #...oo.#
#.......# #...@o.#
##......#
#....B.### ###..###
#........# ##.#####
#........## #.....#
###.......#
#.....### ##......#
#.....'.####......#
#.....#...###'#####
#.....###..##.#


You could see an orc priest, 2 orcs and a giant cockroach.

Vanquished Creatures
  An orc priest (D:3)
  Robin (D:2)
  2 adders (D:3)
  3 dart slugs
  3 orcs (D:3)
  5 ball pythons
  3 endoplasms
  4 giant cockroaches
  12 goblins
  7 hobgoblins
  7 kobolds
  A quokka (D:1)
  3 bats
  4 frilled lizards
  4 rats
60 creatures vanquished.

Notes
Turn   | Place    | Note
-------+----------+-------------------------------------------
     0 | D:1      | Plasmagod the Merfolk Gladiator began the quest for the
                  | Orb.
     0 | D:1      | Reached XP level 1. HP: 16/16 MP: 1/1
   161 | D:1      | Reached XP level 2. HP: 22/22 MP: 2/2
   201 | D:1      | Reached skill level 5 in Polearms
   528 | D:1      | Reached XP level 3. HP: 27/27 MP: 3/3
   936 | D:2      | Noticed Robin
   956 | D:2      | Killed Robin
   957 | D:2      | Reached skill level 6 in Polearms
  1115 | D:2      | Reached XP level 4. HP: 31/33 MP: 4/4
  1490 | D:2      | Found Xuow's Antique Weapon Emporium.
  1947 | D:3      | Reached skill level 7 in Polearms
  2033 | D:3      | Reached XP level 5. HP: 33/38 MP: 5/5
  2050 | D:3      | Killed from afar by an orc priest

Illustrated notes

Levels and vault maps discovered:
D:1:      ebering_hopf_link, layout_basic
D:2:      layout_loops_corners, serial_shops, shop, uniq_robin
D:3:      layout_basic, chequers_ecumenical_altar_grove

Skill      XL: |  1  2  3  4 |
---------------+-------------+-----
Polearms       | 5 6 7 |  7.5
Fighting       | |  2.1
Throwing       | |  2.0
Dodging        | |  4.0

Action                   |  1- 3 |  4- 6 || total
-------------------------+-------+-------++-------
Melee: Trident           |   112 |    89 ||   201
       Punch             |     2 |     1 ||     3
 Stab: Sleeping          |     3 |     1 ||     4
Armor: Leather armour    |    30 |    20 ||    50
       Chain mail        |       |    28 ||    28
Dodge: Dodged            |    51 |    46 ||    97

Table legend: (Time is in decaauts)
 A = Elapsed time spent in this place.
 B = Non-inter-level travel time spent in this place.
 C = Inter-level travel time spent in this place.
 D = Time resting spent in this place.
 E = Time spent auto-exploring this place.
 F = Levels seen in this place.
 G = Mean time per level.
                   A        B        C        D        E       F      G
               +--------+--------+--------+--------+--------+-----+--------+
         Total |   2048 |   1994 |     54 |      0 |   1614 |   3 |  682.7 |
       Dungeon |   2048 |   1994 |     54 |      0 |   1614 |   3 |  682.7 |
               +--------+--------+--------+--------+--------+-----+--------+

Top non-repeatable levels by time:
     D:2: 920 daAuts
     D:1: 825 daAuts
     D:3: 302 daAuts
